 Dungeon Crawl Stone Soup version 0.20.1-1-g8b1a95d (webtiles) character file.

3426 Gremour the Slasher (level 9, -11/69 HPs)
             Began as a Demonspawn Gladiator on Sept 7, 2017.
             Was a Believer of Makhleb.
             Killed by divine providence
             ... invoked by an orc priest
              (13 damage)
             ... on level 8 of the Dungeon.
             The game lasted 01:33:09 (8568 turns).

Gremour the Slasher (Demonspawn Gladiator)          Turns: 8568, Time: 01:33:11

Health: -11/69     AC: 10    Str: 15    XL:     9   Next: 76%
Magic:  21/21      EV: 13    Int: 10    God:    Makhleb [**....]
Gold:   186        SH:  5    Dex: 17    Spells: 12/12 levels left

rFire    . . .     SeeInvis .   a - +3 long sword
rCold    . . .     Gourm    .   q - +0 buckler
rNeg     . . .     Faith    .   x - +0 ring mail
rPois    .         Spirit   .   c - +0 helmet
rElec    .         Reflect  .   (no cloak)
rCorr    .         Harm     .   (no gloves)
MR       .....                  B - +0 pair of boots
Stlth    ++........             (no amulet)
Regen    0.3/turn               w - ring of magical power
MPRegen  0.2/turn               (no ring)

@: no status effects
A: talons 1, yellow scales 1, nightstalker 1, powered by pain 1
a: Minor Destruction, Renounce Religion


You were on level 8 of the Dungeon.
You worshipped Makhleb.
Makhleb was pleased with you.
You were not hungry.

You visited 2 branches of the dungeon, and saw 9 of its levels.

You collected 366 gold pieces.
You spent 180 gold pieces at shops.

Inventory:

Hand Weapons
 a - a +3 long sword (weapon)
 b - a +0 vampiric rapier
 p - a +2 dagger of draining
Missiles
 d - 3 throwing nets (quivered)
Armour
 c - a +0 helmet (worn)
 q - a +0 buckler (worn)
 x - a +0 ring mail (worn)
 B - a +0 pair of boots (worn)
Jewellery
 w - a ring of magical power (left hand)
Wands
 v - a wand of scattershot (2/9)
Scrolls
 f - a scroll of remove curse
 i - 6 scrolls of identify
 k - a scroll of amnesia
 l - 2 scrolls of recharging
 m - a scroll of fog
Potions
 r - 2 potions of brilliance
 C - 2 potions of flight
Books
 o - a book of the Earth

   Spells                             Type                      Level
   a - Leda's Liquefaction            Hexes/Earth                  4
   b - Bolt of Magma                  Conjuration/Fire/Earth       5
   c - Statue Form                    Transmutation/Earth          6
   d - Iron Shot                      Conjuration/Earth            6
   e - Shatter                        Earth                        9
 y - a book of Callings

   Spells                             Type                      Level
   a - Summon Small Mammal            Summoning                    1
   b - Call Imp                       Summoning                    2
   c - Call Canine Familiar           Summoning                    3
   d - Summon Guardian Golem          Hexes/Summoning              3
   e - Summon Lightning Spire         Summoning/Air                4
   f - Summon Ice Beast               Ice/Summoning                4
Comestibles
 g - 2 royal jellies
 j - 5 meat rations
 z - 4 bread rations


   Skills:
 * Level 5.9 Fighting
 + Level 1.3(4.7) Short Blades
 + Level 7.3 Long Blades
 - Level 1.7 Throwing
 * Level 5.6 Armour
 + Level 3.9 Dodging
 - Level 0.6 Stealth
 * Level 3.1 Shields
 * Level 3.1 Unarmed Combat
 + Level 2.3 Spellcasting
   Level 3.0 Summonings
 * Level 3.1 Invocations


You had 12 spell levels left.
You didn't know any spells.

Dungeon Overview and Level Annotations

Branches:
Dungeon (8/15)             Temple (1/1) D:6            Lair (0/6) D:8

Altars:
Ashenzari
Cheibriados
Fedhas
Gozag
Hepliaklqana
Kikubaaqudgha
Makhleb
Nemelex Xobeh
Okawaru
Ru
Sif Muna
Trog
Uskayaw
Vehumet
Xom
Yredelemnul
Zin
The Shining One

Shops:
D:4 !   D:5 [   D:7 %

Annotations:
D:8 equalderp2856's ghost, novice MiFi


Innate Abilities, Weirdness & Mutations

You have sharp toenails.
You are partially covered in yellow scales. (AC +2)
You are slightly more attuned to the shadows.
You sometimes gain a little power by taking damage.


Message History

Found an escape hatch in the floor.
An orc and an orc wizard come into view.
An orc warrior and an orc wizard come into view.
Found an escape hatch in the ceiling.
The orc wizard shouts!
A shadow imp comes into view.
The shadow imp shouts!
The orc wizard gestures wildly while chanting.
The orc wizard blinks!
The orc priest closely misses you.
You riposte.
The orc wizard shouts!
The orc shouts!
You slash the orc priest!
The orc priest is severely wounded.
There is a stone staircase leading down here.
The orc wizard gestures at you while chanting.
You easily resist.
The orc warrior hits you with a war axe!
* * * LOW HITPOINT WARNING * * *
The orc priest mumbles some strange prayers to Beogh against you.
Beogh smites you!
You die...

... #.>#...P
.....#.?#...P
..........PP..#'##..P.
.#..........P..P.P.PPP.
#....<........P..WPP...
..>......o...PPP.P....P
.$.....o..o..P..P.P.÷..
.......o..5...P...P.##.
......@......####.####.
......o.####......# #.
......W.# #.#### #W
........# #.## ##§
........######..#####§§
............##....§§§§§
......##..........§§§§.
....## #######....§§.§.
#### #....§....


You could see 2 orc warriors, an orc priest, an orc wizard, equalderp2856's
ghost, a shadow imp and an orc.

Vanquished Creatures
  Grinder (D:3)
  A hippogriff (D:7)
  A vampire (D:7)
  Eustachio (D:4)
  A yak (D:8)
  A water moccasin (D:8)
  A porcupine (D:8)
  3 sky beasts
  An ice beast (D:7)
  4 phantoms
  6 ogres
  5 bullfrogs
  A scorpion (D:5)
  A centaur zombie (D:7)
  A crimson imp (D:7)
  A quasit (D:5)
  9 hounds
  2 bullfrog skeletons
  An orc priest (D:4)
  An iguana (D:4)
  A centaur skeleton (D:6)
  4 worker ants
  A hound zombie (D:5)
  2 hound skeletons
  13 adders
  2 adder skeletons
  5 worms
  2 dart slugs
  6 leopard geckos
  5 orcs
  2 ball pythons
  4 giant cockroaches
  6 goblins
  4 hobgoblins
  5 jackals
  3 kobolds (D:1)
  3 quokkas
  10 bats
  5 frilled lizards
  A giant cockroach zombie (D:5)
  A leopard gecko skeleton (D:5)
  A leopard gecko zombie (D:5)
  5 rats
134 creatures vanquished.

Notes
Turn   | Place    | Note
-------+----------+-------------------------------------------
     0 | D:1      | Gremour the Demonspawn Gladiator began the quest for the Orb.
     0 | D:1      | Reached XP level 1. HP: 16/16 MP: 1/1
   173 | D:1      | Gained mutation: You are partially covered in yellow scales. (AC +2) [demonic ancestry]
   173 | D:1      | Reached XP level 2. HP: 22/22 MP: 2/2
   633 | D:1      | Reached skill level 3 in Long Blades
   804 | D:2      | Reached XP level 3. HP: 22/27 MP: 3/3
  1125 | D:2      | Reached skill level 1 in Armour
  1266 | D:2      | Found a shimmering altar of Xom.
  1270 | D:2      | Found a basalt altar of Yredelemnul.
  1270 | D:2      | Found a hazy altar of Hepliaklqana.
  1755 | D:3      | Noticed Grinder
  1780 | D:3      | Paralysed by Grinder for 4 turns
  1789 | D:3      | Killed Grinder
  1789 | D:3      | Reached skill level 1 in Short Blades
  1789 | D:3      | Reached XP level 4. HP: 35/35 MP: 4/4
  1789 | D:3      | Gained mutation: You have sharp toenails. [demonic ancestry]
  1789 | D:3      | Reached XP level 5. HP: 41/41 MP: 5/5
  2041 | D:3      | Found a bloodstained altar of Trog.
  2296 | D:3      | Reached XP level 6. HP: 35/47 MP: 6/6
  2712 | D:4      | Reached skill level 4 in Long Blades
  2815 | D:4      | Found Itim Moe's Distillery.
  3114 | D:4      | Found a burning altar of Makhleb.
  3123 | D:4      | Became a worshipper of Makhleb the Destroyer
  3355 | D:4      | Noticed Eustachio
  3375 | D:4      | Killed Eustachio
  3375 | D:4      | Reached skill level 5 in Long Blades
  3375 | D:4      | Gained mutation: You sometimes gain a little power by taking damage. [demonic ancestry]
  3375 | D:4      | Reached XP level 7. HP: 53/53 MP: 7/7
  3583 | D:4      | Learned a level 1 spell: Summon Small Mammal
  3687 | D:5      | Entered Level 5 of the Dungeon
  3687 | D:5      | Found an ancient bone altar of Kikubaaqudgha.
  3713 | D:5      | Found Caxum's Armour Emporium.
  3772 | D:5      | Reached skill level 1 in Summonings
  3809 | D:5      | Found a glowing golden altar of the Shining One.
  4322 | D:5      | Reached skill level 1 in Unarmed Combat
  4322 | D:5      | Reached skill level 1 in Spellcasting
  4830 | D:5      | Reached skill level 1 in Shields
  4830 | D:5      | Gained mutation: You are slightly more attuned to the shadows. [demonic ancestry]
  4830 | D:5      | Reached XP level 8. HP: 57/60 MP: 10/10
  4887 | D:5      | Reached * piety under Makhleb
  5083 | D:6      | Found a staircase to the Ecumenical Temple.
  5089 | Temple   | Entered the Ecumenical Temple
  5555 | D:6      | Reached skill level 6 in Long Blades
  5942 | D:6      | Found a deep blue altar of Sif Muna.
  6231 | D:6      | Reached skill level 5 in Fighting
  6289 | D:7      | Reached XP level 9. HP: 32/68 MP: 12/12
  6510 | D:7      | Found Syonimerri's Food Shoppe.
  6527 | D:7      | Bought a bread ration for 60 gold pieces
  6527 | D:7      | Bought a bread ration for 60 gold pieces
  6527 | D:7      | Bought a bread ration for 60 gold pieces
  6545 | D:7      | Reached ** piety under Makhleb
  6605 | D:7      | Reached skill level 5 in Armour
  6654 | D:7      | Reached skill level 1 in Invocations
  7938 | D:7      | Reached skill level 7 in Long Blades
  8382 | D:8      | Noticed equalderp2856's ghost (novice MiFi)
  8531 | D:8      | Found a staircase to the Lair.
  8568 | D:8      | HP: 2/69 [orc warrior/war axe (7)]
  8568 | D:8      | Killed from afar by an orc priest

Skill      XL: |  1  2  3  4  5  6  7  8  9 |
---------------+----------------------------+-----
Dodging        | 3 |  3.9
Long Blades    | 3 5 6 7 |  7.3
Armour         | 2 3 4 5 |  5.6
Fighting       | 3 4 5 |  5.9
Short Blades   | 1 |  1.3
Summonings     | 2 3 |  3.0
Unarmed Combat | 1 2 3 |  3.1
Spellcasting   | 1 2 |  2.3
Shields        | 1 2 3 |  3.1
Invocations    | 3 |  3.1
Throwing       | |  1.7
Stealth        | |  0.6

Action                   |  1- 3 |  4- 6 |  7- 9 || total
-------------------------+-------+-------+-------++-------
Melee: Long sword        |   108 |   115 |   392 ||   615
       Dagger            |    24 |       |     4 ||    28
       Kick              |       |    25 |    16 ||    41
       Rapier            |       |       |     7 ||     7
Throw: Throwing net      |     1 |       |     2 ||     3
 Cast: Summon Small Mamm |       |       |     1 ||     1
Invok: Minor Destruction |       |       |     1 ||     1
Evoke: Wand              |       |       |     3 ||     3
  Use: Potion            |     5 |     1 |     7 ||    13
       Scroll            |       |     6 |    12 ||    18
  Eat: Bread ration      |     1 |     1 |     1 ||     3
       Fruit             |       |     2 |     4 ||     6
       Chunk             |       |       |     6 ||     6
       Royal jelly       |       |       |     3 ||     3
Armor: Leather armour    |    10 |       |       ||    10
       Chain mail        |    62 |    67 |    15 ||   144
       Skin              |    13 |       |       ||    13
       Ring mail         |       |       |   126 ||   126
       Plate armour      |       |       |    25 ||    25
Dodge: Dodged            |    41 |    38 |   185 ||   264
Block: Buckler           |     5 |    20 |    86 ||   111
       Rpst.: Long sword |    11 |    13 |    53 ||    77
